← All builds
Tech / Armada / Economy first / OBSERVED BUILD

Standard tech

Armada Tech (Eco) build order · Supreme Isthmus

Rushes T2 by 4:15, gets Advanced Metal Extractor around 5:28, hands off T2 constructors to Geo and the team, then scales eco and supplies the team's T2 needs through the rest of the game.

Usually first T2 con to Geo (83%)

#eco #t2 #team support · 1574 distinct matches · 255 players · 58% of Armada Tech games · team won 53% of 1868 · Recently observed

HOW TO PLAY IT

Key timing: T2 factory by 4:15

  1. Open 3 mex and heavy wind to fund a fast T2 rush.
  2. Put down Bot Lab, planning to eat it for reclaim soon after.
  3. Get Advanced Bot Lab up, hitting the T2 factory rush timing.
  4. Upgrade mex to Advanced Metal Extractor to lock in team metal income.
  5. Eat Advanced Bot Lab and keep sending cons to Geo and Pond.

Phase by phase

TYPICAL OF ITS 1574 GAMES
  1. 1
  2. 2
  3. 3
  4. 4
PLAY THE OPENING

Follow the example game's first 6:00 step by step: what to build now, what comes next, and where it goes. At 1× it keeps pace with your own game.

  1. 1

    Up to the Bot Lab

    Economy
    • Metal Extractor3Mex
    • Wind Turbine4Wind
    Order
    1. Bot LabBot Lab after 3 mex, 4 winddone ~1:18, middle half 1:13–1:32

    Some games also: energy storage (31%)

    By 1:01 in all: 3 mex · 4 wind

    The example game in this phase · 3 steps
    1. Mex ×3
    2. Wind ×2
    3. Bot LabBot Labdone 1:04 · typical 1:18
  2. 2

    Bot Lab to Advanced Bot Lab

    Economy
    • Metal Extractor1Mex
    • Wind Turbine8Wind
    • Energy Storage1Energy storage
    Order
    1. Advanced Bot LabAdvanced Bot Lab after 4 mex, 12 wind, 3 con turretdone ~4:16, middle half 4:04–4:30
    Builders
    • Construction Turret3 Con turret
    • Lazarus3 Lazarus
    • Construction Bot2 Con bot
    • Construction Bot1 Con bot for allies

    Some games also: converter (36%)

    By 3:18 in all: 4 mex · 12 wind · 1 energy storage · 3 con turret

    The example game in this phase · 19 steps
    1. LazarusLazarus
    2. Wind ×3
    3. Construction BotCon bot
    4. Wind
    5. Energy storage
    6. LazarusLazarus
    7. Wind
    8. Con turret
    9. Construction BotCon botfor Air
    10. Wind
    11. Mex
    12. Wind
    13. LazarusLazarus
    14. Con turret
    15. Wind ×2
    16. LazarusLazarus
    17. Converter ×2
    18. Bot LabEat Bot Labreclaimed for its metal
    19. Advanced Bot LabAdvanced Bot Labdone 3:55 · typical 4:16
  3. 3

    Advanced Bot Lab to 5:00

    Economy
    • Wind Turbine3Wind
    Order
    1. Bot LabEat Bot Lab
    Builders
    • Advanced Construction Bot1 T2 con bot for allies

    Some games also: converter (35%)

    By 5:00 in all: 4 mex · 15 wind · 1 converter · 1 energy storage · 3 con turret

    The example game in this phase · 2 steps
    1. Advanced Construction BotT2 con botfor Air
    2. Advanced Metal ExtractorT2 mex ×3done 4:51 · typical 5:29
  4. 4

    5:00 to 10:00

    Economy
    • Wind Turbine43Wind
    • Energy Converter6Converter
    Builders
    • Butler9 Butler
    • Advanced Construction Bot4 T2 con bot for allies
    • Advanced Construction Bot1 T2 con bot

    Some games also: con turret (43%) · Butler for allies (37%)

    By 10:00 in all: 4 mex · 58 wind · 8 converter · 1 energy storage · 3 con turret

    The example game in this phase · 137 steps
    1. Advanced Construction BotT2 con botfor Suicide front
    2. ButlerButler ×2
    3. Advanced Metal ExtractorT2 mex
    4. ButlerButler
    5. Wind ×2
    6. ButlerButler
    7. Wind
    8. HoundHoundfor Geo sea
    9. Wind ×2
    10. HoundHoundfor Geo sea
    11. Wind ×2
    12. HoundHoundfor Geo sea
    13. Wind ×3
    14. ButlerButler
    15. Advanced Construction BotT2 con botfor Beach sea
    16. Wind ×4
    17. Advanced Construction BotT2 con botfor Geo sea
    18. Wind ×4
    19. Advanced Construction BotT2 con botfor Pond
    20. Wind ×5
    21. ButlerButler
    22. Wind ×2
    23. ButlerButler
    24. Wind ×2
    25. ButlerButler
    26. Wind
    27. ButlerButler
    28. Wind ×2
    29. ButlerButler
    30. Wind ×2
    31. ButlerButler
    32. Wind
    33. ButlerButler
    34. Wind ×2
    35. Converter
    36. ButlerButler
    37. Wind ×2
    38. ButlerButler
    39. Converter
    40. Wind ×2
    41. ButlerButler
    42. Wind ×2
    43. Converter
    44. Wind ×3
    45. Converter
    46. Wind ×8
    47. Converter
    48. Wind ×7
    49. HoundHoundfor Geo
    50. Wind
    51. Converter
    52. Wind ×5
    53. HoundHoundfor Geo
    54. Wind ×2
    55. Converter
    56. Wind ×5
    57. HoundHoundfor Geo
    58. Wind ×2
    59. Converter
    60. Wind ×3
    61. Converter
    62. Wind ×5
    63. Converter
    64. Wind ×3
    65. Converter
    66. Wind ×2
    67. HoundHoundfor Geo
    68. Wind ×3
    69. Converter
    70. Wind ×2
    71. Converter
    72. Wind ×7
    73. Converter
    74. Wind ×2
    75. HoundHoundfor Geo
    76. Converter
    77. Wind ×4
    78. Converter
    79. Wind ×5
    80. Converter
    81. Wind ×4
    82. Converter
    83. Wind ×2
    84. HoundHoundfor Geo
    85. Converter
    86. Wind ×4
    87. Converter
    88. Wind
    89. HoundHoundfor Geo
    90. Wind ×4
    91. Converter
    92. Wind
    93. HoundHoundfor Geo
    94. Wind
    95. Converter
    96. Wind ×4
    97. HoundHoundfor Geo
    98. Wind
    99. Converter
    100. Wind ×3
    101. Converter
    102. Wind
    103. HoundHoundfor Geo
    104. Wind ×5
    105. Converter
    106. HoundHoundfor Geo
    107. Wind
    108. Converter
    109. Wind ×5
    110. HoundHoundfor Geo
    111. Wind ×2
    112. Converter
    113. Wind ×2
    114. Converter
    115. Wind ×3
    116. HoundHoundfor Geo
    117. Wind ×3
    118. Converter
    119. Wind ×2
    120. HoundHoundfor Geo
    121. Converter
    122. Wind ×6
    123. HoundHound
    124. Converter
    125. Advanced Construction BotT2 con bot
    126. Wind
    127. Converter
    128. Wind ×9
    129. Converter ×2
    130. Wind ×5
    131. Con turret
    132. Wind
    133. Converter
    134. Wind
    135. Converter
    136. Wind ×7
    137. Con turret

Counts are medians over the build's games: half of them build more, half fewer. The example game is CookieTwoStep's (31 OS, 06/09/2026); pick another.

Team trades

IN AT LEAST 30% OF ITS GAMES

You hand over

  • Construction Bot1 Con bot to Airfirst at 2:24 · in 84% of games
  • Advanced Construction Bot5 T2 con bot to Air or Geo sea or Pondfirst at 4:50 · in 99% of games
  • Butler2 Butler to Geo sea or Beach sea or Pondfirst at 9:07 · in 42% of games

You get

  • Hercules1 Light transport from Airfirst at 4:01 · in 86% of games

How it plays out

Typical game of this build, running totals by minute

Metal produced

020k40k
0:005:0010:0015:00

metal

Enemy metal destroyed

050100
0:005:0010:0015:00

metal

Own metal lost

050100150
0:005:0010:0015:00

metal

1868 games.

Show as table
ByMetal produced: This buildEnemy metal destroyed: This buildOwn metal lost: This build
1:0038300
2:0091500
3:00165100
4:00314300
5:00484800
6:00580000
7:00722700
8:00906100
9:001116900
10:001350200
11:001623900
12:001965200
13:002344100
14:0027357074
15:003153885130
WHAT THE NUMBERS SAY

Standard Tech play barely fights at all early, instead pouring metal into T2 infrastructure and constructors for the team.

  • + Metal produced hits 31679 by 15:00, by far the highest of any role here.
  • + T2 factory reached in 97% of games by 4:15, fastest and most reliable T2 timing.
  • − Enemy metal destroyed stays at 0 through 10:00, no early offense at all.
  • − Own metal lost also near 0, showing total avoidance of combat risk.
THE EXAMPLE YOU ARE READING

CookieTwoStep

30.8 OS · 06/09/2026

Open source match ↗

1 received units
1069 metal received · 83232 energy received

Allied construction assistance is unknown. Timings are observations, not a promise of solo reproducibility.

Typical milestones

Bot Lab1:18Middle 50%: 1:13–1:32 · n=1868
Advanced Bot Lab4:16Middle 50%: 4:04–4:30 · n=1861
Advanced Metal Extractor5:29Middle 50%: 5:06–5:59 · n=1864

Played most by

Amrissa93games of this buildTheGeneraI66games of this buildAdeus57games of this buildEl_Turco56games of this buildKOT_43games of this build